 Dungeon Crawl Stone Soup version 0.30-a0-728-gc68057be0a (webtiles) character file.

Game seed: 10036408243238178445

42 browni3141 the Poker (level 3, -5/19 HPs)
             Began as a Vine Stalker Fighter on Jan 31, 2023.
             Killed from afar by Sigmund (8 damage)
             ... with a puff of flame
             ... on level 2 of the Dungeon.
             The game lasted 00:02:55 (894 turns).

browni3141 the Poker (Vine Stalker Fighter)          Turns: 894, Time: 00:02:56

Health: -5/19      AC:  6    Str: 20    XL:     3   Next: 56%
Magic:  0/4        EV:  9    Int:  8    God:
Gold:   26         SH:  4    Dex: 13    Spells: 2/2 levels left

rFire   . . .      SeeInvis .    a - +0 trident
rCold   . . .      Faith    .    c - +0 buckler
rNeg    . . .      Spirit   +    b - +0 scale mail
rPois   .          Reflect  .    (no helmet)
rElec   .          Harm     .    (no cloak)
rCorr   .          Rampage  .    (no gloves)
Will    .....                    (no boots) Stlth
                                 (no amulet)
HPRegen 0.23/turn                (no ring)
MPRegen 0.09/turn                (no ring)

@: mighty
A: fangs 2, magic shield, antimagic bite, no potion heal 2
a: no special abilities


You were on level 2 of the Dungeon.
You visited 1 branch of the dungeon, and saw 2 of its levels.

You collected 73 gold pieces.
You spent 47 gold pieces at shops.

Inventory:

Hand Weapons
 a - a +0 trident (weapon)
Armour
 b - a +0 scale mail (worn)
 c - a +0 buckler (worn)
Jewellery
 g - a ring of protection from cold
Scrolls
 f - 3 scrolls of teleportation {unknown}
 i - 3 scrolls of identify {unknown}
 j - a scroll of noise {unknown}
 k - a scroll of enchant weapon {unknown}
 l - a scroll of fog {unknown}
 n - a scroll of amnesia {unknown}
Potions
 d - a potion of might
 e - 2 potions of mutation {unknown}
 h - 3 potions of attraction {unknown}
 m - a potion of curing {unknown}
 o - a potion of haste {unknown}
 p - a potion of magic {unknown}


   Skills:
 - Level 2.6 Fighting
 + Level 3.5 Polearms
 - Level 2.4 Armour
 - Level 2.6 Shields


You had 2 spell levels left.
You didn't know any spells.
Your spell library was empty.

Dungeon Overview and Level Annotations

Branches:
Dungeon (2/15)

Altars:

Shops:
D:1 *

Annotations:
D:2 Sigmund


Innate Abilities, Weirdness & Mutations

You have extremely sharp teeth.
When hurt, damage is shared between your health and your magic reserves.
Your bite disrupts and absorbs the magic of your enemies.
Potions cannot restore your health.


Message History

You block the kobold's attack. Sigmund barely misses you.
Reach: a) +0 trident
Press: ? - help, Dir - move target, f/p - Sigmund
Aim: Sigmund, wielding a +0 scythe and wearing a +0 robe (moderately wounded, about 47% to evade your +0 trident)
The kobold is in the way.
You barely miss the kobold. Your bite misses the kobold.
The kobold hits you but does no damage. Sigmund barely misses you.
The kobold barely misses you.
Reach: a) +0 trident
Press: ? - help, Dir - move target, f/p - Sigmund
Aim: Sigmund, wielding a +0 scythe and wearing a +0 robe (moderately wounded, about 47% to evade your +0 trident)
The kobold is in the way.
You barely miss the kobold. You bite the kobold.
You kill the kobold!
Reach: a) +0 trident
Press: ? - help, Dir - move target, f/p - Sigmund
Aim: Sigmund, wielding a +0 scythe and wearing a +0 robe (moderately wounded, about 47% to evade your +0 trident)
You reach to attack!
You barely miss Sigmund.
Sigmund is moderately wounded.
Sigmund hits you but does no damage.
Reach: a) +0 trident
Press: ? - help, Dir - move target, f/p - Sigmund
Aim: Sigmund, wielding a +0 scythe and wearing a +0 robe (moderately wounded, about 47% to evade your +0 trident)
You reach to attack!
You barely miss Sigmund.
Sigmund is moderately wounded.
You block Sigmund's attack.
Reach: a) +0 trident
Press: ? - help, Dir - move target, f/p - Sigmund
Aim: Sigmund, wielding a +0 scythe and wearing a +0 robe (moderately wounded, about 47% to evade your +0 trident)
You reach to attack!
You puncture Sigmund!
Sigmund is severely wounded.
Sigmund casts a spell at you. The puff of flame hits you!
* * * LOW HITPOINT WARNING * * *
Reach: a) +0 trident
Press: ? - help, Dir - move target, f/p - Sigmund
Aim: Sigmund, wielding a +0 scythe and wearing a +0 robe (severely wounded, about 47% to evade your +0 trident)
You reach to attack!
You closely miss Sigmund.
Sigmund is severely wounded.
Sigmund casts a spell at you. The puff of flame hits you!
You die...

######..##.#..#.. #..#
### ..............#
#..##..
..##.#..##.#..#.
...##.. #.#..##......
........ #............
.....
#.#..##.####..... .
#.##.#..##.# #..#..#
........##.####.......
#.###...†...@)@.......
....##..##.#.##.#.#..#
...........#.# .#
....##..##.#.# ##
.........K.#.#
....##..####.# #.#
........####.#.....
..........†.....#
###.##...####.#.#


You could see Sigmund.

Vanquished Creatures
  A worm (D:2)
  2 dart slugs
  3 bats
  3 endoplasms
  6 hobgoblins
  2 jackals (D:2)
  2 quokkas (D:1)
  3 ball pythons
  2 frilled lizards (D:1)
  4 kobolds
  6 rats (D:1)
34 creatures vanquished.

Notes
Turn   | Place    | Note
-------+----------+-------------------------------------------
     0 | D:1      | browni3141 the Vine Stalker Fighter began the quest for the
                  | Orb.
     0 | D:1      | Reached XP level 1. HP: 11/11 MP: 2/2
    20 | D:1      | Reached skill level 2 in Polearms
    62 | D:1      | Reached XP level 2. HP: 16/16 MP: 3/3
   330 | D:1      | Found a faded altar of an unknown god.
   434 | D:1      | Found Selakl Guhia's Assorted Antiques.
   439 | D:1      | Bought a scroll labelled GAEMNE UNAEFE for 17 gold pieces
   439 | D:1      | Bought a black potion for 15 gold pieces
   439 | D:1      | Bought a silvery potion for 15 gold pieces
   502 | D:1      | Reached skill level 3 in Polearms
   560 | D:1      | Reached XP level 3. HP: 19/19 MP: 4/4
   839 | D:2      | Noticed Sigmund
   894 | D:2      | Killed from afar by Sigmund

Illustrated notes

Levels and vault maps discovered:
D:1:      evilmike_arrival_plus, layout_basic, chequers_ecumenical_altar_grove,
          serial_shops, shop
D:2:      layout_basic, basic_altar, uniq_sigmund

Skill      XL: |  1  2 |
---------------+-------+-----
Polearms       | 2 3 |  3.5
Fighting       | |  2.6
Armour         | |  2.4
Shields        | |  2.6

Action                     || total
---------------------------++-------
  Melee: Trident           ||    93
         Bite              ||    12
    Use: Potion            ||     1
 Armour: Scale mail        ||    33
  Dodge: Dodged            ||    41
  Block: Buckler           ||    16

Table legend: (Time is in decaauts)
 A = Elapsed time spent in this place.
 B = Non-inter-level travel time spent in this place.
 C = Inter-level travel time spent in this place.
 D = Time resting spent in this place.
 E = Time spent auto-exploring this place.
 F = Levels seen in this place.
 G = Mean time per level.
                   A        B        C        D        E       F      G
               +--------+--------+--------+--------+--------+-----+--------+
         Total |    913 |    890 |     23 |      0 |    662 |   2 |  456.5 |
       Dungeon |    913 |    890 |     23 |      0 |    662 |   2 |  456.5 |
               +--------+--------+--------+--------+--------+-----+--------+

Top non-repeatable levels by time:
     D:1: 723 daAuts
     D:2: 189 daAuts
